 Dungeon Crawl Stone Soup version 0.29.1-4-g47bece8355 (webtiles) character file.

Game seed: 3330989015982080747

21 javelincjr the Conjurer (level 2, -3/15 HPs)
             Began as a Deep Elf Conjurer on Dec 2, 2022.
             Killed from afar by Natasha (11 damage)
             ... with a magic dart
             ... on level 1 of the Dungeon.
             The game lasted 00:05:39 (1162 turns).

javelincjr the Conjurer (Deep Elf Conjurer)         Turns: 1162, Time: 00:05:39

Health: -3/15      AC:  3    Str:  4    XL:     2   Next: 65%
Magic:  7/8        EV: 13    Int: 22    God:
Gold:   37         SH:  0    Dex: 19    Spells: 6/7 levels left

rFire   + . .      SeeInvis .   k - staff of cold
rCold   + . .      Faith    .   (no shield)
rNeg    . . .      Spirit   .   a - +0 robe
rPois   .          Reflect  .   (no helmet)
rElec   .          Harm     .   c - +0 cloak
rCorr   .          Rampage  .   (no gloves)
Will    .....                   (no boots)
Stlth   ++........              (no amulet)
HPRegen 0.05/turn               h - +6 ring of dexterity
MPRegen 0.11/turn               l - ring of protection from fire

@: no status effects
A: no striking features
a: no special abilities


You were on level 1 of the Dungeon.
You visited 1 branch of the dungeon, and saw 2 of its levels.

You collected 37 gold pieces.

Inventory:

Hand Weapons
 d - a +0 dagger
Armour
 a - a +0 robe (worn)
 c - a +0 cloak (worn)
Magical Staves
 k - a staff of cold (weapon)
Jewellery
 h - a +6 ring of dexterity (left hand)
 l - a ring of protection from fire (right hand)
Potions
 b - a potion of magic
 e - a potion of curing {unknown}
 i - a potion of haste {unknown}
 j - a potion of heal wounds {unknown}
 n - a potion of ambrosia {unknown}


   Skills:
 + Level 2.9 Dodging
 + Level 2.4 Stealth
 + Level 3.2 Spellcasting
 + Level 4.9 Conjurations


You had 6 spell levels left.
You knew the following spells:

 Your Spells              Type           Power      Damage    Failure   Level
a - Magic Dart            Conj           100%       1d8       1%          1

Your spell library contained the following spells:

 Spells                   Type           Power      Damage    Failure   Level
 Searing Ray              Conj           50%        2d6       2%          2
 Dazzling Flash           Conj/Hex       28%        N/A       13%         3
 Fulminant Prism          Conj/Hex       7%         3d7       41%         4
 Iskenderun's Mystic Bla  Conj/Tloc      14%        2d5       41%         4


Dungeon Overview and Level Annotations

Branches:
Dungeon (2/15)

Altars:

Shops:
D:1 =

Annotations:
D:1 Natasha


Message History

The crimson imp misses you.
The shadow imp disappears in a puff of smoke!
The crimson imp attacks as you move away!
The crimson imp hits you.
The crimson imp hits you but does no damage.
The crimson imp attacks as you move away!
The crimson imp hits you but does no damage.
The crimson imp disappears in a puff of smoke!
Natasha mumbles some strange words.
The crimson imp hits you. Natasha casts a spell at you.
You resist with significant effort.
The crimson imp attacks as you move away!
The crimson imp barely misses you.
The crimson imp disappears in a puff of smoke!
You feel yourself speed up. Natasha misses you.
The white imp puffs mist at you. Natasha attacks as you move away!
Natasha misses you.
There is a stone staircase leading up here.
Natasha closely misses you.
You climb upwards.
The white imp disappears in a puff of smoke!
There is a stone staircase leading down here.
You hit Natasha but do no damage.
Natasha is severely wounded.
Natasha barely misses you.
You closely miss Natasha.
Natasha is severely wounded.
Natasha closely misses you.
Natasha casts a spell.
You barely miss Natasha.
Natasha is severely wounded.
Natasha misses you. The crimson imp closely misses you.
You hit Natasha but do no damage.
Natasha is severely wounded.
Natasha casts a spell at you. The magic dart hits you!
Ouch! That really hurt!
You die...

#.# #.### #...##
.....#############
...........##....#
###..###.#....##'#
# #..# #.#.#####.#
#..# #.#.# #5#
#..# #.#.#####@###
#..# #.#.....'.h.#
# #..#
#.#####.'.'.# #
#..# #.# ###∩#.#
###..# #.# #.#.#
.....# #.# ###.#.#
....####.#
##.#'#.#
######...#
##....### #
#.#####.....####


You could see Natasha and a crimson imp (summoned).

Vanquished Creatures
  2 bats (D:1)
  2 endoplasms
  3 giant cockroaches
  A goblin (D:1)
  5 hobgoblins
  A kobold (D:1)
  A quokka (D:1)
  A frilled lizard (D:1)
  A rat (D:1)
17 creatures vanquished.

Vanquished Creatures (others)
  A fungus (D:2)
  5 plants (D:2)
6 creatures vanquished.

Grand Total: 23 creatures vanquished

Notes
Turn   | Place    | Note
-------+----------+-------------------------------------------
     0 | D:1      | javelincjr the Deep Elf Conjurer began the quest for the
                  | Orb.
     0 | D:1      | Reached XP level 1. HP: 10/10 MP: 6/6
   217 | D:1      | Reached XP level 2. HP: 10/15 MP: 8/8
   319 | D:1      | You fall into a shaft and drop 1 floor!
   593 | D:1      | Found Bevous's Jewellery Boutique.
  1115 | D:2      | Noticed Natasha
  1138 | D:2      | Noticed a crimson imp
  1139 | D:2      | Noticed a crimson imp
  1161 | D:1      | Noticed a crimson imp
  1162 | D:1      | Killed from afar by Natasha

Illustrated notes

Levels and vault maps discovered:
D:1:      reono_arrival_forest_river, layout_loops_ring, serial_shops,
          nicolae_shop_hallway_stairs
D:2:      layout_basic, shapermc_ecumenical_altar_mp_urbaneastern,
          guppyfry_early_orc_mine, uniq_natasha, uniq_sigmund

Action                   || total
-------------------------++-------
Melee: Dagger            ||    15
       Staff             ||     4
 Cast: Magic Dart        ||    30
  Use: Scroll            ||     4
 Stab: Sleeping          ||     1
Armor: Robe              ||     6
Dodge: Dodged            ||    21
